 Dungeon Crawl Stone Soup version 0.30-a0-782-ge64f9170bb (webtiles) character file.

Game seed: 11129692508413067326

318795 DeathSun the Warrior (level 21, -1/142 (147) HPs)
             Began as a Gargoyle Fighter on Feb 22, 2023.
             Was the Champion of Okawaru.
             Slain by a deep elf blademaster
             ... wielding a +0 rapier
              (16 damage)
             ... in the Arena.
             The game lasted 01:53:50 (39190 turns).

DeathSun the Warrior (Gargoyle Fighter)            Turns: 39190, Time: 01:53:50

HP:   -1/142 (147)  AC: 38    Str: 29    XL:     21   Next: 5%
MP:   12/42         EV: 27    Int: 16    God:    Okawaru [******]
Gold: 1378          SH:  0    Dex:  8    Spells: 21/28 levels left

rFire   + . .      SeeInvis +    a - +8 great mace "Veumoph" {venom, MP+9}
rCold   . . .      Faith    .    (shield currently unavailable)
rNeg    + + .      Spirit   .    b - +6 scale mail of Creativity {+Blink rF+ Regen+ Int+3}
rPois   ∞          Reflect  .    t - +2 helmet {SInv}
rElec   +          Harm     .    (no cloak)
rCorr   .          Rampage  .    f - +0 pair of gloves {Str+3}
Will    +++..                    c - -1 pair of boots of Geuq {Will++ Str-4}
Stlth   x                          - amulet of regeneration
HPRegen 2.03/turn                T - ring of the Trout {Contam rElec rN+ EV+5 Slay+2}
MPRegen 0.28/turn                X - ring of the Hare {EV+10}

@: flying, very slightly contaminated, studying Invocations, lightly drained,
duelling
A: sickness immunity, AC +16, big wings, negative energy resistance 1,
electricity resistance, torment resistance 1, petrification resistance, clever
1, shaggy fur 1, inability to drink after injury 1
}: 3/15 runes: decaying, serpentine, abyssal
a: Renounce Religion, Evoke Blink, Heroism, Finesse, Duel


You were in the Arena.
You worshipped Okawaru.
Okawaru was exalted by your worship.
You visited 7 branches of the dungeon, and saw 33 of its levels.
You visited the Abyss 1 time.
You also visited: Sewer.

You collected 5190 gold pieces.
You spent 3812 gold pieces at shops.

Inventory:

Hand Weapons
 a - the +8 great mace "Veumoph" (weapon) {venom, MP+9}
   (Okawaru gifted it to you on level 14 of the Dungeon)

   MP:        It affects your magic capacity (+9).
 k - the +9 dire flail of the Reaper {holy, rC+ rCorr Str-4 Int+2}
   (Okawaru gifted it to you on level 3 of the Abyss)

   Str:       It affects your strength (-4).
   Int:       It affects your intelligence (+2).
   rC:        It protects you from cold.
   rCorr:     It protects you from acid and corrosion.
 S - a +2 great mace of draining
Missiles
 I - 5 throwing nets
 N - 6 boomerangs of dispersal (quivered)
Armour
 b - the +6 scale mail of Creativity (worn) {+Blink rF+ Regen+ Int+3}
   (Okawaru gifted it to you on level 13 of the Dungeon)

   Int:       It affects your intelligence (+3).
   rF:        It protects you from fire.
   +Blink:    It lets you blink.
   Regen:     It increases your rate of health regeneration.
 c - the -1 pair of boots of Geuq (worn) {Will++ Str-4}
   (You found it on level 12 of the Dungeon)

   Str:       It affects your strength (-4).
   Will:      It greatly increases your willpower.
 f - a +0 pair of gloves of strength (worn)
 t - a +2 helmet of see invisible (worn)
 y - the +1 helmet of the Original Sin {rN+ Will++}
   (Okawaru gifted it to you on level 2 of the Elven Halls)

   rN:        It protects you from negative energy.
   Will:      It greatly increases your willpower.
 G - a +2 pair of boots
Jewellery
 w - an amulet of magic regeneration
 x - an amulet of regeneration (around neck)
 M - a ring of wizardry
 T - the ring of the Trout (left hand) {Contam rElec rN+ EV+5 Slay+2}
   (You bought it in a shop on level 6 of the Dungeon)

   [ring of evasion]

   EV:        It affects your evasion (+5).
   Slay:      It affects your accuracy & damage with ranged weapons and melee
   (+2).
   rElec:     It insulates you from electricity.
   rN:        It protects you from negative energy.
   Contam:    It causes magical contamination when unequipped.
 V - a ring of willpower
 X - the ring of the Hare (right hand) {EV+10}
   (You bought it in a shop on level 6 of the Dungeon)

   [ring of evasion]

   EV:        It affects your evasion (+10).
Wands
 i - a wand of light (6)
 O - a wand of digging (6)
 P - a wand of roots (10)
 R - a wand of paralysis (19)
 U - a wand of mindburst (36)
 Z - a wand of polymorph (13)
Scrolls
 g - 10 scrolls of fog
 h - 7 scrolls of immolation
 m - 16 scrolls of teleportation
 n - 7 scrolls of vulnerability
 o - 6 scrolls of silence
 p - 4 scrolls of butterflies
 s - 3 scrolls of poison
 v - 8 scrolls of fear
 B - 8 scrolls of magic mapping
 D - 9 scrolls of enchant weapon
 E - 2 scrolls of torment
 H - a scroll of acquirement
 J - a scroll of blinking
 K - 11 scrolls of enchant armour
 Q - 5 scrolls of amnesia
Potions
 d - 4 potions of might
 e - a potion of ambrosia
 j - 8 potions of curing
 l - 7 potions of mutation
 q - 2 potions of resistance
 r - a potion of cancellation
 u - 3 potions of heal wounds
 z - 9 potions of attraction
 A - 4 potions of brilliance
 C - 2 potions of lignification
 F - 3 potions of magic
 L - 2 potions of invisibility
 W - a potion of berserk rage
 Y - 7 potions of haste


   Skills:
 + Level 20.6 Fighting
 - Level 20.0 Maces & Flails
 - Level 5.0 Throwing
 - Level 14.0 Armour
 - Level 7.0 Dodging
 - Level 3.2 Shields
 - Level 4.0 Spellcasting
 - Level 12.0 Translocations
 - Level 16.0 Invocations
 - Level 7.0 Evocations


You had 21 spell levels left.
You knew the following spells:

 Your Spells              Type           Power      Damage    Failure   Level
a - Manifold Assault      Tloc           41%        N/A       1%          4
b - Gell's Gravitas       Tloc           41%        N/A       1%          3

Your spell library contained the following spells:

 Spells                   Type           Power      Damage    Failure   Level
 Lesser Beckoning         Tloc           82%        N/A       1%          2
 Teleport Other           Tloc           41%        N/A       1%          3
 Portal Projectile        Hex/Tloc       44%        N/A       8%          3
 Kindle Blastsparks       Fire/Tloc/Air  32%        2d12      17%         3
 Iskenderun's Mystic Bla  Conj/Tloc      22%        2d6       24%         4
 Freeze                   Ice            12%        1d3       28%         1
 Magic Dart               Conj           12%        1d3       28%         1
 Necrotise                Necr           12%        1d4       28%         1
 Dispersal                Tloc           20%        N/A       32%         6
 Searing Ray              Conj           6%         2d4       41%         2
 Wereblood                Tmut           3%         N/A       41%         2
 Frozen Ramparts          Ice            6%         1d1       65%         3
 Hailstorm                Conj/Ice       3%         3d3       65%         3
 Inner Flame              Hex/Fire       3%         N/A       65%         3
 Ozocubu's Armour         Ice            3%         N/A       65%         3
 Vampiric Draining        Necr           3%         2d6       65%         3
 Dispel Undead            Necr           3%         3d7       96%         4
 Flame Wave               Conj/Fire      3%         2d5       96%         4
 Fulminant Prism          Conj/Hex       1%         3d5       96%         4
 Leda's Liquefaction      Hex/Erth       1%         N/A       96%         4
 Petrify                  Tmut/Erth      3%         N/A       96%         4
 Sticky Flame             Conj/Fire      3%         2d3       96%         4
 Agony                    Necr           3%         N/A       100%        5
 Alistair's Intoxication  Tmut/Pois      2%         N/A       100%        5
 Blade Hands              Tmut           1%         N/A       100%        5
 Borgnjor's Vile Clutch   Necr/Erth      1%         N/A       100%        5
 Freezing Cloud           Conj/Ice/Air   1%         6-21      100%        5
 Irradiate                Conj/Tmut      1%         3d12      100%        5
 Lee's Rapid Deconstruct  Erth           1%         3d4*      100%        5
 Eringya's Noxious Bog    Tmut/Pois      1%         N/A       100%        6
 Iron Shot                Conj/Erth      1%         9d1       100%        6
 Dragon Form              Tmut           1%         N/A       100%        7
 Ozocubu's Refrigeration  Ice            1%         4d7       100%        7
 Disjunction              Tloc           20%        N/A       100%        8
 Polar Vortex             Ice            1%         N/A       100%        9
 Cigotuvi's Dreadful Rot  Necr/Pois/Air  Unusable   N/A       N/A         2
 Sublimation of Blood     Necr           Unusable   N/A       N/A         2
 Call Canine Familiar     Summ           Unusable   N/A       N/A         3
 Animate Armour           Summ/Erth      Unusable   N/A       N/A         4
 Summon Ice Beast         Ice/Summ       Unusable   N/A       N/A         4
 Summon Mana Viper        Hex/Summ       Unusable   N/A       N/A         5
 Death Channel            Necr           Unusable   N/A       N/A         6
 Simulacrum               Ice/Necr       Unusable   N/A       N/A         6
 Monstrous Menagerie      Summ           Unusable   N/A       N/A         7
 Summon Hydra             Summ           Unusable   N/A       N/A         7

Dungeon Overview and Level Annotations

Branches:
Dungeon (14/15)            Temple (1/1) D:4            Lair (5/5) D:10
  Swamp (4/4) Lair:3        Snake (4/4) Lair:2        Slime (0/5) Lair:4
    Orc (2/2) D:12            Elf (3/3) Orc:2        Vaults (0/5) D:14
  Sewer (visited)

Altars:
Ashenzari
Cheibriados
Elyvilon
Hepliaklqana
Kikubaaqudgha
Makhleb
Okawaru
Ru
Sif Muna
Vehumet
Xom
Zin

Shops:
D:5 *   D:6 =   D:11 (   Orc:1 [   Orc:2 =[(?(   Elf:2 [   Snake:3 [*?:
Snake:4 ?!*

Annotations:
Swamp:3 Lernaean hydra
Elf:3 Asterion


Innate Abilities, Weirdness & Mutations

You are immune to sickness and miasma.
Your stone body is resilient. (AC +16)
You are immune to poison.
Your large and strong wings let you fly.
You resist negative energy. (rN+)
You are resistant to electric shocks. (rElec)
You are resistant to unholy torment.
You are immune to petrification.
Your mind is acute. (Int +4, Str/Dex -1)
You are covered in fur. (AC +1)
You occasionally lose the ability to drink potions when taking damage.


Message History

The ghostly deep elf death mage casts a spell at you.
The bolt of negative energy hits you. You partially resist.
You feel drained.
* * * LOW HITPOINT WARNING * * *
You closely miss the deep elf blademaster.
The deep elf blademaster is almost dead.
The deep elf blademaster hits you but does no damage.
The deep elf blademaster hits you with a +0 rapier!
* * * LOW HITPOINT WARNING * * *
You feel much better.
The deep elf blademaster completely misses you.
The deep elf blademaster hits you but does no damage.
The ghostly deep elf death mage closely misses you.
The deep elf demonologist gestures wildly while chanting.
The deep elf blademaster hits you with a +0 rapier!
* * * LOW HITPOINT WARNING * * *
The deep elf blademaster completely misses you.
Aiming: Duel (1% risk of failure)
Press: ? - help, Dir - move target, f - deep elf blademaster
Aim: a deep elf blademaster, wielding two +0 rapiers and wearing a +0 leather armour (almost dead, very poisoned)
You enter into single combat with the deep elf blademaster!
The world spins around you as you enter the gateway.
You enter Okawaru's Arena!
The spectator shouts! x8
The deep elf blademaster hits you with a +0 rapier.
* * * LOW HITPOINT WARNING * * *
The deep elf blademaster hits you but does no damage.
Found a gate leading back out of this place.
There is an empty arch of ancient stone here.
You closely miss the deep elf blademaster.
The deep elf blademaster is almost dead.
The deep elf blademaster hits you but does no damage.
The deep elf blademaster hits you with a +0 rapier!
* * * LOW HITPOINT WARNING * * *
You barely miss the deep elf blademaster.
The deep elf blademaster is almost dead.
The deep elf blademaster hits you with a +0 rapier.
* * * LOW HITPOINT WARNING * * *
The deep elf blademaster hits you with a +0 rapier!
You die...
Okawaru crowns the deep elf blademaster victorious!

#########
##.p▓∩▓p.##
##..▓▓▓▓▓..##
##.p▓▓...▓▓p.##
#..▓▓.....▓▓..#
#p▓▓.......▓▓p#
#▓▓.........▓▓#
#▓.....@.....▓#
#▓▓...e.....▓▓#
#p▓▓.......▓▓p#
#..▓▓.....▓▓..#
##.p▓▓...▓▓p.##
##..▓▓▓▓▓..##
##.p.#.p.##
#### ####


You could see a deep elf blademaster (very poisoned).

Vanquished Creatures
  A lich (Abyss:3)
  2 deep elf master archers (Elf:3)
  3 deep elf blademasters
  The ghost of greenbourne the Tortoise, an adept BaHu of Jiyva (Snake:3)
  6 nagarajas
  Louise (Snake:2)
  6 deep elf sorcerers (Elf:3)
  A deep elf elementalist (Elf:3)
  2 orc warlords (Orc:1)
  A cacodemon (Abyss:3)
  4 deep elf demonologists
  5 deep elf annihilators (Elf:3)
  3 dire elephants (Lair:5)
  4 eleionomae
  8 bunyips
  A deep elf death mage (Elf:3)
  An ettin (Orc:1)
  3 deep elf high priests
  13 hydras
  2 salamander tyrants (Snake:2)
  A centaur warrior (D:13)
  6 vault guards
  11 alligators
  13 anacondas
  6 boulder beetles
  Erica (Lair:2)
  7 two-headed ogres
  29 dancing weapons
  A death yak (Lair:5)
  22 naga warriors
  2 thrashing horrors
  5 shock serpents
  11 naga sharpshooters
  3 orc high priests
  11 deep elf knights
  5 spriggans
  A spriggan berserker (Swamp:3)
  Urug (Lair:2)
  The ghost of Viceroy the Fighter, a novice BaIE of Cheibriados (D:12)
  3 spectral death yaks (Lair:5)
  A death drake (shapeshifter) (Elf:1)
  2 wretched stars (Abyss:3)
  8 sea snakes (Snake:4)
  A sixfirhy (Abyss:3)
  A spectral anaconda (Lair:5)
  3 goliath frogs
  4 salamander mystics
  4 spriggan druids
  A skyshark (Lair:5)
  A shadow demon (Abyss:3)
  13 bog bodies
  An obsidian statue (Lair:5)
  8 naga ritualists
  4 necromancers (Lair:5)
  A wizard (Elf:1)
  13 swamp dragons
  4 orc knights (Orc:1)
  12 deep elf archers
  A steelbarb worm (shapeshifter) (Elf:2)
  A harpy (D:12)
  12 ugly things
  28 deep elf pyromancers
  19 deep elf zephyrmancers
  17 mana vipers
  6 orc sorcerers
  A worldbinder (Abyss:3)
  13 salamanders
  2 will-o-the-wisps
  A cyclops (D:13)
  A moth of wrath (D:12)
  Joseph (D:7)
  19 naga magi
  8 guardian serpents
  18 elephants
  An elephant (shapeshifter) (Elf:3)
  A dire elephant zombie (Lair:5)
  A smoke demon (Abyss:3)
  45 black mambas
  17 cane toads
  2 gargoyles
  4 unseen horrors
  A freezing wraith (D:14)
  4 rime drakes
  2 efreet
  A kobold demonologist (D:14)
  9 komodo dragons
  12 trolls
  2 polar bears
  9 tyrant leeches
  A bloated husk (Swamp:1)
  A hellwing (Abyss:3)
  6 hornets
  2 raiju (Abyss:3)
  8 dream sheep
  A spectral elephant (Lair:5)
  11 blink frogs
  2 air elementals
  29 slime creatures
  6 shadows
  2 wraiths (D:12)
  2 spriggans (shapeshifter) (Elf:1)
  52 yaks
  3 vampires
  A ynoxinul (Abyss:3)
  7 wyverns
  A fire elemental (Elf:1)
  8 small abominations
  3 basilisks
  2 redbacks (D:12)
  3 humans (D:14)
  A death yak simulacrum (Lair:5)
  8 wargs
  A warg (shapeshifter) (D:13)
  12 vampire mosquitoes
  2 acid dragons
  A spectral cane toad (Lair:5)
  46 nagas
  16 water moccasins
  12 swamp worms
  Duvessa (D:7)
  7 swamp drakes
  13 large abominations
  45 orc warriors
  A sky beast (D:6)
  An ice beast (D:8)
  2 black bears
  3 ogres
  2 elephant skeletons (Lair:5)
  8 wolves
  3 centaurs
  3 kobold brigands
  2 phantoms
  9 bullfrogs
  3 scorpions (D:5)
  2 earth elementals (Elf:1)
  2 gnoll sergeants
  3 necrophages
  3 cane toad simulacra (Lair:5)
  5 wights (D:9)
  10 killer bees
  Dowan (D:7)
  3 elephant simulacra (Lair:5)
  2 electric eels
  A howler monkey (D:7)
  2 gnoll boudas
  24 orc priests
  7 hounds
  An iron imp (D:9)
  2 starcursed masses (Abyss:3)
  Ijyb (D:5)
  9 iguanas
  16 orc wizards
  8 ogre zombies (D:12)
  12 gnolls
  14 adders
  5 river rats
  An ufetubus (D:5)
  2 worms
  A dart slug (D:1)
  108 orcs
  20 bats
  2 endoplasms
  5 giant cockroaches
  10 goblins
  9 hobgoblins
  4 jackals (Sewer)
  11 quokkas
  12 ball pythons
  4 frilled lizards
  3 goblin skeletons (D:12)
  2 goblin zombies (D:12)
  3 hobgoblin zombies (D:12)
  28 kobolds
  6 orc skeletons (D:12)
  11 orc zombies (D:12)
  5 rats
1282 creatures vanquished.

Vanquished Creatures (others)
  2 vault guards (D:14)
  A hydra (Swamp:4)
  A dancing weapon (Elf:1)
  A bog body (Swamp:4)
  6 bloated husks
  A human (D:14)
  2 swamp drakes (Swamp:4)
  An orc wizard (Orc:1)
  2 orcs (Orc:2)
  6 foxfires
  24 fungi
  30 plants
  4 starspawn tentacles (Abyss:3)
  22 withered plants (Lair:5)
103 creatures vanquished.

Grand Total: 1385 creatures vanquished

Notes
Turn   | Place    | Note
-------+----------+-------------------------------------------
     0 | D:1      | DeathSun the Gargoyle Fighter began the quest for the Orb.
     0 | D:1      | Reached XP level 1. HP: 14/14 MP: 1/1
   264 | D:1      | Reached XP level 2. HP: 19/19 MP: 2/2
   743 | D:2      | Reached XP level 3. HP: 19/23 MP: 3/3
  1336 | D:2      | Reached XP level 4. HP: 25/29 MP: 4/4
  1468 | D:3      | Identified the +1 chain mail of Erouzi Paen {rC+}
  1513 | D:3      | Found a glowing drain.
  1546 | Sewer    | Entered a sewer
  1773 | Sewer    | Reached XP level 5. HP: 11/33 MP: 5/5
  2164 | Sewer    | Reached skill level 5 in Maces & Flails
  2601 | D:3      | Reached XP level 6. HP: 39/39 MP: 6/6
  2762 | D:3      | Found a radiant altar of Vehumet.
  3148 | D:4      | Noticed a black bear
  3272 | D:3      | Reached skill level 5 in Fighting
  3493 | D:4      | Killed a black bear
  3494 | D:4      | Reached XP level 7. HP: 35/44 MP: 7/7
  3711 | D:4      | Found a staircase to the Ecumenical Temple.
  3737 | Temple   | Entered the Ecumenical Temple
  3747 | Temple   | Became a worshipper of Warmaster Okawaru
  4023 | D:5      | Entered Level 5 of the Dungeon
  4371 | D:5      | Noticed Ijyb
  4381 | D:5      | Killed Ijyb
  4457 | D:5      | Found Oppyzus's General Store.
  4486 | D:5      | Bought a scroll of magic mapping for 90 gold pieces
  4486 | D:5      | Bought a scroll of teleportation for 36 gold pieces
  4486 | D:5      | Bought a potion of curing for 36 gold pieces
  4491 | D:5      | Identified a scroll of acquirement
  4790 | D:5      | Reached * piety under Okawaru
  5000 | D:5      | Reached XP level 8. HP: 42/49 MP: 8/8
  5215 | D:6      | Reached skill level 1 in Invocations
  5268 | D:6      | Found Seydifos's Jewellery Shop.
  5317 | D:6      | Found an ancient bone altar of Kikubaaqudgha.
  5600 | D:6      | Identified the +1 robe "Zecod" {rC+}
  5617 | D:6      | Reached ** piety under Okawaru
  5618 | D:6      | Reached skill level 10 in Maces & Flails
  5766 | D:6      | Reached XP level 9. HP: 54/54 MP: 11/11
  5973 | D:7      | Noticed Duvessa
  5974 | D:7      | Noticed Dowan
  5981 | D:7      | Killed Duvessa
  5986 | D:7      | Killed Dowan
  6286 | D:7      | Noticed Joseph
  6569 | D:7      | HP: 2/54 [killer bee (7)]
  6974 | D:7      | Killed Joseph
  6974 | D:7      | Reached *** piety under Okawaru
  6975 | D:7      | Reached skill level 5 in Invocations
  7268 | D:8      | Received a gift from Okawaru
  7285 | D:8      | Reached XP level 10. HP: 18/59 MP: 13/13
  7804 | D:8      | Found a sacrificial altar of Ru.
  8430 | D:9      | Reached **** piety under Okawaru
  8441 | D:9      | Noticed a gargoyle
  8486 | D:9      | Noticed a two-headed ogre
  8497 | D:9      | Killed a two-headed ogre
  8851 | D:9      | Killed a gargoyle
  8941 | D:9      | Found a white marble altar of Elyvilon.
  9081 | D:9      | Reached skill level 1 in Throwing
  9182 | D:9      | Reached XP level 11. HP: 36/64 MP: 16/16
  9618 | D:9      | Found a shimmering altar of Xom.
  9618 | D:9      | Found a shimmering altar of Xom.
  9621 | D:9      | Found a shimmering altar of Xom.
  9621 | D:9      | Found a shimmering altar of Xom.
  9621 | D:9      | Found a shimmering altar of Xom.
  9621 | D:9      | Found a shimmering altar of Xom.
  9622 | D:9      | Found a shimmering altar of Xom.
  9743 | D:9      | Found a snail-covered altar of Cheibriados.
  9853 | D:9      | Found a shimmering blue altar of Sif Muna.
 10015 | D:10     | Entered Level 10 of the Dungeon
 10099 | D:10     | Reached skill level 5 in Armour
 10257 | D:10     | Found a staircase to the Lair.
 10396 | D:10     | Reached ***** piety under Okawaru
 10396 | D:10     | Received a gift from Okawaru
 10746 | D:10     | Identified the +2 robe of Nuahaes {Str-3 Int+4 Dex+8}
 10762 | D:10     | Found a broken altar of Ashenzari.
 10762 | D:10     | Found a glowing silver altar of Zin.
 11293 | D:10     | Found a hazy altar of Hepliaklqana.
 11317 | D:11     | Found Oppor's Weapon Shop.
 11370 | D:11     | Noticed a two-headed ogre
 11486 | D:11     | Noticed a two-headed ogre
 11499 | D:11     | Killed a two-headed ogre
 11585 | D:11     | Noticed a two-headed ogre
 11595 | D:11     | Killed a two-headed ogre
 11952 | D:11     | Killed a two-headed ogre
 11952 | D:11     | Received a gift from Okawaru
 11952 | D:11     | Received a gift from Okawaru
 12551 | D:11     | Acquired a manual of Invocations
 12638 | D:11     | Reached XP level 12. HP: 60/74 MP: 18/18
 13054 | D:12     | Identified the +5 trident "Azyikk" {heavy, Str+3 SInv}
 13081 | D:12     | Received a gift from Okawaru
 13141 | D:12     | Found a transporter.
 13146 | D:12     | Noticed Viceroy's ghost (novice BaIE)
 13146 | D:12     | Noticed an eight-headed hydra
 13159 | D:12     | Found a staircase to the Orcish Mines.
 13181 | D:12     | Received a gift from Okawaru
 13704 | D:12     | Noticed a two-headed ogre
 13710 | D:12     | Killed a two-headed ogre
 13895 | D:12     | Found a transporter.
 14004 | D:13     | Noticed a two-headed ogre
 14017 | D:13     | Killed a two-headed ogre
 14017 | D:13     | Identified the +6 scale mail of Creativity {+Blink rF+
                  | Regen+ Int+3} (Okawaru gifted it to you on level 13 of the
                  | Dungeon)
 14017 | D:13     | Received a gift from Okawaru
 14097 | D:13     | Reached ****** piety under Okawaru
 14164 | D:13     | Noticed a boulder beetle
 14179 | D:13     | Killed a boulder beetle
 14180 | D:13     | Reached skill level 15 in Maces & Flails
 14289 | D:13     | Reached skill level 10 in Fighting
 14378 | D:13     | Reached skill level 5 in Throwing
 14396 | D:13     | Noticed a centaur warrior
 14409 | D:13     | Killed a centaur warrior
 14410 | D:13     | Reached XP level 13. HP: 75/82 MP: 19/19
 14799 | D:13     | Reached skill level 10 in Armour
 15279 | D:14     | Identified the +8 great mace "Veumoph" {venom, MP+9}
                  | (Okawaru gifted it to you on level 14 of the Dungeon)
 15279 | D:14     | Received a gift from Okawaru
 15635 | D:14     | Noticed a vault guard
 15635 | D:14     | Noticed a vault guard
 15635 | D:14     | Noticed a vault guard
 15635 | D:14     | Noticed a vault guard
 15647 | D:13     | Killed a vault guard
 15648 | D:13     | Reached skill level 10 in Invocations
 16130 | D:14     | Killed a vault guard
 16133 | D:14     | Killed a vault guard
 16158 | D:14     | Killed a vault guard
 16158 | D:14     | Identified the +7 demon whip "Plog" {drain, Int+4} (Okawaru
                  | gifted it to you on level 14 of the Dungeon)
 16158 | D:14     | Received a gift from Okawaru
 16271 | D:14     | Noticed a vault guard
 16276 | D:14     | Killed a vault guard
 16279 | D:14     | Killed a vault guard
 16306 | D:14     | Identified the +2 kite shield of Roshykoa {+Blink Slay+2}
 16348 | D:14     | Noticed a vault guard
 16350 | D:14     | Noticed a vault guard
 16356 | D:14     | Killed a vault guard
 16363 | D:14     | Killed a vault guard
 16368 | D:14     | Identified the +0 great sword "Jellybane" {heavy, Int+2}
 16376 | D:14     | Found a gate to the Vaults.
 16690 | Lair:1   | Entered Level 1 of the Lair of Beasts
 16874 | Lair:1   | Gained mutation: Your large and strong wings let you fly.
                  | [Gargoyle growth]
 16874 | Lair:1   | Reached XP level 14. HP: 58/92 MP: 22/22
 17234 | Lair:1   | Received a gift from Okawaru
 17235 | Lair:1   | Reached skill level 1 in Evocations
 17487 | Lair:2   | Found a staircase to the Snake Pit.
 18019 | Lair:2   | Noticed Urug
 18022 | Lair:2   | Noticed Erica
 18025 | Lair:2   | Killed Urug
 18029 | Lair:2   | Killed Erica
 18722 | Lair:3   | Found a staircase to the Swamp.
 19138 | Lair:4   | Found a staircase to the Slime Pits.
 19292 | Lair:4   | You are sucked into a shaft and drop 1 floor!
 19292 | Lair:5   | Entered Level 5 of the Lair of Beasts
 19296 | Lair:5   | Received a gift from Okawaru
 20568 | Lair:5   | Identified the +6 morningstar "Vuan" {heavy, rC+ Str+3}
                  | (Okawaru gifted it to you on level 5 of the Lair of Beasts)
 20568 | Lair:5   | Received a gift from Okawaru
 20589 | Lair:5   | Reached XP level 15. HP: 88/99 MP: 24/24
 20771 | Lair:5   | Reached skill level 5 in Evocations
 21363 | Lair:5   | Received a gift from Okawaru
 21778 | Lair:5   | Acquired 1187 gold pieces
 21857 | Lair:5   | Received a gift from Okawaru
 22123 | Swamp:1  | Entered Level 1 of the Swamp
 22876 | Swamp:1  | Learned a level 4 spell: Manifold Assault
 23018 | Swamp:2  | Reached XP level 16. HP: 107/107 MP: 25/25
 23150 | Swamp:2  | Reached skill level 1 in Spellcasting
 23150 | Swamp:2  | Reached skill level 1 in Translocations
 23730 | Swamp:3  | Reached skill level 15 in Fighting
 23936 | Swamp:4  | Entered Level 4 of the Swamp
 23946 | Swamp:3  | Received a gift from Okawaru
 24416 | Swamp:3  | Identified the +3 scale mail of Card Tricks {rF+ Int+3}
                  | (Okawaru gifted it to you on level 3 of the Swamp)
 24416 | Swamp:3  | Received a gift from Okawaru
 24489 | Swamp:4  | Reached skill level 5 in Translocations
 24604 | Swamp:4  | Noticed the 27-headed Lernaean hydra
 25002 | Swamp:4  | Got a decaying rune of Zot
 25630 | Orc:1    | Entered Level 1 of the Orcish Mines
 25668 | Orc:2    | Entered Level 2 of the Orcish Mines
 25668 | Orc:2    | Found a staircase to the Elven Halls.
 25671 | Orc:2    | Paralysed by an orc sorcerer for 2 turns
 26125 | Orc:2    | Reached XP level 17. HP: 116/116 MP: 26/26
 26133 | Orc:2    | Gained mutation: You are covered in fur. (AC +1) [a
                  | neqoxec]
 26549 | Orc:2    | Found Ukuplyfoin's Antique Armour Boutique.
 26552 | Orc:2    | Found Xucin's Antique Weapon Shop.
 26594 | Orc:2    | Found Buynwig's Weapon Shop.
 26719 | Orc:2    | Found Varedarr's Magic Scroll Emporium.
 26727 | Orc:2    | Bought a scroll of identify for 32 gold pieces
 26727 | Orc:2    | Bought a scroll of fear for 64 gold pieces
 26727 | Orc:2    | Bought a scroll of identify for 32 gold pieces
 26727 | Orc:2    | Bought a scroll of fog for 64 gold pieces
 26732 | Orc:2    | Reached XP level 18. HP: 122/122 MP: 27/27
 26761 | Orc:2    | Found Luinoro's Jewellery Shop.
 26953 | D:6      | Bought the ring of the Trout {Contam rElec rN+ EV+5 Slay+2}
                  | for 627 gold pieces
 26953 | D:6      | Bought the ring of the Hare {EV+10} for 1408 gold pieces
 26953 | D:6      | Found the ring of the Hare {EV+10}
 27137 | Orc:1    | Identified the +8 chain mail of Generosity {rN+ Str+3}
                  | (Okawaru gifted it to you on level 1 of the Orcish Mines)
 27137 | Orc:1    | Received a gift from Okawaru
 27281 | Orc:1    | Found Ilidozaz's Antique Armour Boutique.
 27858 | Snake:1  | Entered Level 1 of the Snake Pit
 28692 | Snake:1  | Identified the ring of the Powerful Eggfruit {Fire rElec
                  | rPois Will- Dex+3}
 29288 | D:12     | Killed Viceroy's ghost
 29305 | D:12     | Identified the -1 pair of boots of Geuq {Will++ Str-4}
 29606 | Snake:2  | Received a gift from Okawaru
 29813 | Snake:2  | Reached skill level 10 in Translocations
 30217 | Snake:2  | Noticed Louise
 30219 | Abyss:3  | Cast into level 3 of the Abyss (Louise)
 30388 | Abyss:3  | Identified the +9 dire flail of the Reaper {holy, rC+ rCorr
                  | Str-4 Int+2} (Okawaru gifted it to you on level 3 of the
                  | Abyss)
 30388 | Abyss:3  | Received a gift from Okawaru
 30401 | Abyss:3  | Gained mutation: You occasionally lose the ability to drink
                  | potions when taking damage. [a cacodemon]
 30404 | Abyss:3  | Gained mutation: Your mind is acute. (Int +4, Str/Dex -1)
                  | [a cacodemon]
 30414 | Abyss:3  | Reached XP level 19. HP: 61/130 MP: 22/22
 30478 | Abyss:3  | Got an abyssal rune of Zot
 30483 | Arena    | Entered the Arena
 30540 | Abyss:3  | Found a corrupted altar of Lugonu.
 30641 | Snake:2  | Escaped the Abyss
 30648 | Snake:2  | Killed Louise
 31256 | Snake:3  | Found a runed translucent door.
 31256 | Snake:3  | Noticed greenbourne's ghost (adept BaHu)
 31306 | Snake:3  | Found Gaf Quve's Magic Scroll Shoppe.
 31315 | Snake:3  | Bought 3 scrolls of teleportation for 171 gold pieces
 31315 | Snake:3  | Bought a scroll of poison for 76 gold pieces
 31315 | Snake:3  | Bought a scroll of fog for 76 gold pieces
 31315 | Snake:3  | Bought a scroll of teleportation for 57 gold pieces
 31315 | Snake:3  | Bought a scroll of fear for 76 gold pieces
 31315 | Snake:3  | Bought a scroll of blinking for 142 gold pieces
 31447 | Snake:3  | Found Wuffuw's General Store.
 31455 | Snake:3  | Bought a scroll of fear for 68 gold pieces
 31455 | Snake:3  | Bought a scroll of fear for 68 gold pieces
 31526 | Snake:3  | Found Eciz's Armour Shoppe.
 31844 | Snake:3  | Found Juginutu's Book Shoppe.
 31903 | Snake:3  | Identified the +4 dire flail of Big Damage {pain, *Noise
                  | rElec Will++ Stlth+} (Okawaru gifted it to you on level 3
                  | of the Snake Pit)
 31903 | Snake:3  | Received a gift from Okawaru
 32002 | Snake:3  | Killed greenbourne's ghost
 32156 | Snake:4  | Entered Level 4 of the Snake Pit
 32161 | Snake:4  | Reached skill level 1 in Dodging
 32300 | Snake:4  | Found Boteatip's Magic Scroll Shoppe.
 32309 | Snake:4  | Found Tuzxolodwa's Distillery.
 32334 | Snake:4  | Found Veex's General Store.
 32481 | Snake:4  | Identified the ring "Pysajig" {Int+2 Dex+6 Stlth+}
 32573 | Snake:4  | Found a burning altar of Makhleb.
 32750 | Snake:4  | Bought a scroll of silence for 123 gold pieces
 32750 | Snake:4  | Bought a scroll of magic mapping for 97 gold pieces
 32750 | Snake:4  | Bought a scroll of enchant armour for 97 gold pieces
 32750 | Snake:4  | Bought a scroll of fog for 52 gold pieces
 32750 | Snake:4  | Bought a scroll of fog for 52 gold pieces
 32750 | Snake:4  | Bought a scroll of enchant weapon for 97 gold pieces
 32755 | Snake:4  | Bought a scroll of silence for 171 gold pieces
 32803 | Snake:4  | Received a gift from Okawaru
 33749 | Snake:4  | Identified the +3 scale mail "Gatocuh" {Regen+ Str+3
                  | Stlth+} (Okawaru gifted it to you on level 4 of the Snake
                  | Pit)
 33749 | Snake:4  | Received a gift from Okawaru
 33936 | Snake:4  | Got a serpentine rune of Zot
 34357 | Elf:1    | Entered Level 1 of the Elven Halls
 34452 | Elf:1    | Found a shimmering blue altar of Sif Muna.
 34453 | Elf:1    | Found a radiant altar of Vehumet.
 34453 | Elf:1    | Found a radiant altar of Vehumet.
 34453 | Elf:1    | Found a radiant altar of Vehumet.
 34472 | Elf:1    | Identified the ring of the Voivode {Fly rF- Str+5 Dex+6}
 34481 | Elf:1    | Reached skill level 5 in Dodging
 34483 | Elf:1    | Reached XP level 20. HP: 115/137 MP: 30/30
 34892 | Elf:1    | Got the Tome of Translocation
 36409 | Elf:2    | Identified the +0 ring mail of Disguise {rF- Int+3 Dex+3}
 36418 | Elf:2    | Paralysed by an air elemental for 1 turns
 36773 | Elf:2    | Found Waosuil's Armour Boutique.
 36997 | Elf:2    | Found a runed translucent gate.
 37022 | Elf:2    | Found a runed translucent gate.
 37022 | Elf:2    | Found a runed translucent gate.
 37264 | Elf:2    | Learned a level 3 spell: Gell's Gravitas
 37282 | Elf:2    | Identified the +1 helmet of the Original Sin {rN+ Will++}
                  | (Okawaru gifted it to you on level 2 of the Elven Halls)
 37282 | Elf:2    | Received a gift from Okawaru
 37634 | Elf:2    | Reached skill level 15 in Invocations
 38282 | Elf:3    | Entered Level 3 of the Elven Halls
 38912 | Elf:3    | Identified the +6 morningstar "Diyduex" {venom, rF- rN+
                  | SInv} (Okawaru gifted it to you on level 3 of the Elven
                  | Halls)
 38912 | Elf:3    | Received a gift from Okawaru
 38915 | Elf:3    | Identified the +8 flail of Gallantry {freeze, rN++ SInv}
 38947 | Elf:3    | Reached XP level 21. HP: 87/147 MP: 5/33
 38948 | Elf:3    | Identified the ring of Fohyecwa {rN+ Str+3 Int+3 Dex+3}
 38953 | Elf:3    | Noticed Asterion
 39188 | Arena    | Entered the Arena
 39190 | Arena    | Slain by a deep elf blademaster

Illustrated notes

Levels and vault maps discovered:
D:1:      tarquinn_simple_flora_water_a, layout_basic
D:2:      layout_basic, dreamdust_mushroom_princess
D:3:      layout_loops_ring, mainiacjoe_overflow_boulevard,
          cheibrodos_sewer_entry_sluice, minmay_misc_feat_iff
D:4:      layout_loops_ring, minmay_temple_entry_antechambers
D:5:      layout_gridville, serial_shops, nicolae_shop_window_shopping,
          uniq_ijyb
D:6:      layout_gridville, mainiacjoe_overflow_chevrons, serial_shops,
          kennysheep_mini, nrook_pool_corridor
D:7:      layout_basic, hangedman_abyss_or_decor_stagger, uniq_duvessa,
          uniq_joseph
D:8:      layout_basic, hangedman_ru_absence
D:9:      lemuel_troll_bridge, layout_irregular_city,
          nicolae_sif_muna_little_library, mainiacjoe_overflow_alcove_4,
          xom_redecorated, chei_slow_surprise, enter_bailey_5
D:10:     layout_roguey, worldfamousw_hep_ancestral_shrine,
          jmf_multi_god_temple, dpeg_oklobed_lair
D:11:     layout_irregular_city, serial_shops, shop_fountains
D:12:     layout_long_grid, zombieorc2_lemuel,
          gammafunk_ghost_berserking_beasts, kennysheep_potato
D:13:     layout_loops_cross, special_room [special_room_orc],
          minmay_lizard_king
D:14:     layout_loops_corners, ximxim_vaults_locker_room,
          dreamdust_princess_bridge
Temple:   nicolae_temple_slightly_damp_pantheon
Lair:1:   layout_cellular_growth, dreamdust_gnoll_shepherd
Lair:2:   layout_regular_city, minmay_snake_entry_six_corridors,
          infiniplex_staircase_pool_2, uniq_erica, uniq_urug
Lair:3:   layout_hall_layers, nicolae_swamp_entry_splash_gauntlet,
          bh_autumn_forest_stairs, grunt_megastairs_4
Lair:4:   layout_layer_cave, slime_entry_1, enter_volcano_2,
          nzn_sisyphean_effort
Lair:5:   due_jungle_book, layout_cave_pods
Swamp:1:  layout_basic_swamp, evilmike_swamp_ruin_house_6,
          hangedman_swamp_diagram
Swamp:2:  layout_basic_swamp, nicolae_swamp_bean_lake
Swamp:3:  layout_basic_swamp, evilmike_swamp_ruin_house_5
Swamp:4:  grunt_swamp_rune_castle, layout_basic_swamp, swamp_pool3
Snake:1:  layout_misc_corridors, nicolae_snake_storage_room
Snake:2:  layout_misc_corridors, serial_bayou_shore_b, serial_bayou_shore_b,
          uniq_louise
Snake:3:  layout_cave_town, ebering_ghost_inner_flame, serial_shops, shop_coins,
          nicolae_square_shop, nicolae_diamond_shop, shop
Snake:4:  grunt_snake_rune_pools, layout_rooms, basic_altar, minmay_shop_star
Orc:1:    layout_diamond_mine, serial_shops, nicolae_shop_crystal
Orc:2:    grunt_orc_community_town_hall, layout_caves,
          grunt_orc_community_big_house_1, grunt_orc_community_big_house_1,
          grunt_orc_community_house_2, grunt_orc_community_house_1,
          grunt_orc_community_house_1, grunt_orc_community_house_2,
          grunt_orc_community_house_2, grunt_orc_community_house_2,
          serial_shops, nicolae_shop_waterfront
Elf:1:    minmay_the_grid_octo_tiled_squarecenter
          [minmay_the_grid_octo_thin_diamonds, minmay_the_grid_octo_fat_diamond,
          minmay_the_grid_octo_shrine, minmay_the_grid_octo_pinwheel,
          minmay_the_grid_square_5x5_megaprize_open,
          minmay_the_grid_square_5x5_checkered, minmay_the_grid_square_5x5_two,
          minmay_the_grid_square_5x5_intrusive_squares,
          minmay_the_grid_square_5x5_six], layout_geoelf_grid,
          minmay_elf_demonology, laboratory
Elf:2:    nicolae_elf_blades_splatter_lattice
          [nicolae_blade_entry_diamond_columns], layout_loops_ring,
          serial_shops, nicolae_shop_hallway_plus
Elf:3:    minmay_elf_hall_quartered_circle, layout_geoelf_octagon, uniq_asterion
Arena

Skill      XL: |  1  2  3  4  5  6  7  8  9 10 11 12 13 14 15 16 17 18 19 20 |
---------------+-------------------------------------------------------------+-----
Maces & Flails | 3 4 5 6 8 10 12 14 15 16 18 19 20 | 20.0
Fighting       | 4 5 8 10 12 13 14 16 17 18 20 | 20.6
Invocations    | 3 5 6 8 11 12 13 16 | 16.0
Armour         | 4 7 9 10 12 13 14 | 14.0
Throwing       | 1 3 5 |  5.0
Evocations     | 4 5 6 7 |  7.0
Spellcasting   | 2 4 |  4.0
Translocations | 6 8 10 11 12 | 12.0
Dodging        | 5 7 |  7.0
Shields        | |  3.2

Action                     |  1- 3 |  4- 6 |  7- 9 | 10-12 | 13-15 | 16-18 | 19-21 || total
---------------------------+-------+-------+-------+-------+-------+-------+-------++-------
  Melee: Flail             |   117 |   273 |   439 |   278 |       |       |       ||  1107
         Morningstar       |       |       |       |   567 |   163 |       |       ||   730
         Trident           |       |       |       |     3 |       |       |       ||     3
         Great mace        |       |       |       |       |   825 |  1041 |  1174 ||  3040
  Throw: Javelin           |       |       |       |    21 |     1 |     3 |     3 ||    28
         Throwing net      |       |       |       |       |       |     2 |     4 ||     6
   Cast: Manifold Assault  |       |       |       |       |       |    58 |   275 ||   333
         Gell's Gravitas   |       |       |       |       |       |       |     3 ||     3
 Invoke: Heroism           |       |       |       |     6 |     2 |     1 |     2 ||    11
         Finesse           |       |       |       |       |     1 |     2 |       ||     3
         Duel              |       |       |       |       |       |       |     2 ||     2
Ability: Evoke Blink       |       |       |       |       |       |     6 |     1 ||     7
  Evoke: Wand              |       |       |       |     4 |     1 |     2 |       ||     7
    Use: Potion            |       |     1 |     6 |     1 |       |     5 |    11 ||    24
         Scroll            |       |       |    11 |     4 |    10 |     8 |    11 ||    44
 Armour: Scale mail        |    49 |     3 |       |    38 |   506 |   674 |   409 ||  1679
         Chain mail        |       |   300 |   294 |   456 |       |       |       ||  1050
  Dodge: Dodged            |    66 |   149 |   181 |   402 |   608 |  1142 |  1041 ||  3589
  Block: Buckler           |    28 |    74 |    75 |   129 |    18 |       |       ||   324

Table legend: (Time is in decaauts)
 A = Elapsed time spent in this place.
 B = Non-inter-level travel time spent in this place.
 C = Inter-level travel time spent in this place.
 D = Time resting spent in this place.
 E = Time spent auto-exploring this place.
 F = Levels seen in this place.
 G = Mean time per level.
                   A        B        C        D        E       F      G
               +--------+--------+--------+--------+--------+-----+--------+
         Total |  38557 |  35735 |   2822 |      0 |  27269 |  38 | 1014.7 |
       Dungeon |  16434 |  14794 |   1640 |      0 |  11185 |  14 | 1173.9 |
        Temple |     22 |     22 |      0 |      0 |      1 |   1 |   22.0 |
          Lair |   5733 |   5198 |    535 |      0 |   4191 |   5 | 1146.6 |
         Swamp |   3193 |   2913 |    280 |      0 |   2082 |   4 |  798.2 |
     Snake Pit |   5317 |   5199 |    118 |      0 |   4251 |   4 | 1329.2 |
  Orcish Mines |   1703 |   1581 |    122 |      0 |   1058 |   2 |  851.5 |
   Elven Halls |   4688 |   4562 |    126 |      0 |   3696 |   3 | 1562.7 |
         Abyss |    334 |    334 |      0 |      0 |     57 |   2 |  167.0 |
         Sewer |   1074 |   1074 |      0 |      0 |    746 |   1 | 1074.0 |
         Arena |     56 |     56 |      0 |      0 |      0 |   2 |   28.0 |
               +--------+--------+--------+--------+--------+-----+--------+

Top non-repeatable levels by time:
   Elf:2: 2177 daAuts
 Snake:4: 1929 daAuts
   Elf:1: 1746 daAuts
    D:10: 1666 daAuts
     D:9: 1588 daAuts
  Lair:5: 1587 daAuts
    D:11: 1571 daAuts
  Lair:4: 1427 daAuts
    D:14: 1424 daAuts
     D:7: 1338 daAuts
    D:12: 1323 daAuts
 Snake:1: 1282 daAuts
     D:8: 1261 daAuts
 Snake:2: 1204 daAuts
 Swamp:3: 1186 daAuts
